 Dungeon Crawl Stone Soup version 0.30-a0-782-ge64f9170bb (webtiles) character file.

Game seed: 8920092949721280944

7 DEFE the Ducker (level 1, 0/15 HPs)
             Began as a Demonspawn Wanderer on Feb 21, 2023.
             Frozen to death by an endoplasm (2 damage)
             ... on level 1 of the Dungeon.
             The game lasted 00:00:22 (267 turns).

DEFE the Ducker (Demonspawn Wanderer)                Turns: 267, Time: 00:00:23

Health: 0/15       AC:  5    Str: 12    XL:     1   Next: 91%
Magic:  2/2        EV: 13    Int: 11    God:
Gold:   9          SH:  0    Dex: 14    Spells: 1/2 levels left

rFire   . . .      SeeInvis .    a - +0 dagger
rCold   . . .      Faith    .    (no shield)
rNeg    . . .      Spirit   .    d - +2 leather armour
rPois   .          Reflect  .    (no helmet)
rElec   .          Harm     .    (no cloak)
rCorr   .          Rampage  .    (no gloves)
Will    .....                    (no boots)
Stlth   +                        (no amulet)
HPRegen 0.22/turn                (no ring)
MPRegen 0.08/turn                (no ring)

@: no status effects
A: no striking features
a: no special abilities


You were on level 1 of the Dungeon.
You visited 1 branch of the dungeon, and saw 1 of its levels.

You collected 9 gold pieces.

Inventory:

Hand Weapons
 a - a +0 dagger (weapon)
Armour
 d - a +2 leather armour (worn)
Scrolls
 f - a scroll of fog {unknown}
Potions
 c - a potion of berserk rage
 e - a potion of degeneration {unknown}
Miscellaneous
 b - a piece from Xom's chessboard (15/15)


   Skills:
 - Level 1.0 Fighting
 + Level 1.4 Armour
 - Level 4.5 Dodging
 - Level 1.0 Stealth
 - Level 1.0 Spellcasting
 - Level 1.0 Poison Magic
 - Level 1.0 Evocations


You had one spell level left.
You knew the following spells:

 Your Spells              Type           Power      Damage    Failure   Level
a - Sting                 Tmut/Pois      4%         1d3       32%         1

Your spell library contained the following spells:

 Spells                   Type           Power      Damage    Failure   Level
 Ignite Poison            Fire/Tmut/Pois 1%         N/A       71%         3


Dungeon Overview and Level Annotations

Branches:
Dungeon (1/15)

Altars:


Message History

The endoplasm freezes you.
You are frozen.
You take 5 damage, and have 8/15 hp.
MASSIVE DAMAGE!!
You hit the endoplasm. The endoplasm closely misses you.
Unknown command.
You barely miss the endoplasm. The endoplasm closely misses you.
You hit the endoplasm. The endoplasm completely misses you.
You hit the endoplasm. The endoplasm freezes you.
You are frozen.
You take 1 damage, and have 8/15 hp.
You hit the endoplasm.
You kill the endoplasm!
You start resting.
Health restored: 15 An endoplasm comes into view.
You see here 7 gold pieces.
An endoplasm is nearby!
The endoplasm quivers.
The endoplasm freezes you.
You are frozen.
You take 4 damage, and have 11/15 hp.
MASSIVE DAMAGE!!
Unknown command.
You hit the endoplasm but do no damage. The endoplasm freezes you.
You are frozen.
You take 5 damage, and have 6/15 hp.
MASSIVE DAMAGE!!
You hit the endoplasm but do no damage. The endoplasm freezes you.
You are frozen.
* * * LOW HITPOINT WARNING * * *
You take 4 damage, and have 2/15 hp.
MASSIVE DAMAGE!!
You hit the endoplasm but do no damage. The endoplasm freezes you.
You are frozen.
You die...

#...>. #.... .# #...#
#.# #...# ..#
#...#####..#
#.......#..#
#.......#..#####
######.......#J......
#............@..#
#.######.....#### #.#
#.....# #.# #..$..#
#.# #.....# #.#
#.....# #.# #######
#.# ### #.# ##>###


You could see an endoplasm.

Vanquished Creatures
  2 endoplasms (D:1)
  A giant cockroach (D:1)
  2 hobgoblins (D:1)
  A kobold (D:1)
6 creatures vanquished.

Notes
Turn   | Place    | Note
-------+----------+-------------------------------------------
     0 | D:1      | DEFE the Demonspawn Wanderer began the quest for the Orb.
     0 | D:1      | DEFE set off with the following items: a +0 dagger, a piece
                  | from Xom's chessboard (15/15), a potion of berserk rage, a
                  | +2 leather armour; and the following spell memorised:
                  | Sting; and the following spells available to memorise:
                  | Ignite Poison.
     0 | D:1      | Reached XP level 1. HP: 15/15 MP: 2/2
    84 | D:1      | Reached skill level 1 in Armour
   267 | D:1      | Frozen to death by an endoplasm

Illustrated notes

Levels and vault maps discovered:
D:1:      dpeg_arrival_leaves_temple_mockup, layout_basic

Skill      XL: |  1 |
---------------+----+-----
Armour         | 1 |  1.4
Fighting       | |  1.0
Dodging        | |  4.5
Stealth        | |  1.0
Spellcasting   | |  1.0
Poison Magic   | |  1.0
Evocations     | |  1.0

Action                     || total
---------------------------++-------
  Melee: Dagger            ||    52
         Punch             ||     1
 Armour: Leather armour    ||     6
  Dodge: Dodged            ||    42

Table legend: (Time is in decaauts)
 A = Elapsed time spent in this place.
 B = Non-inter-level travel time spent in this place.
 C = Inter-level travel time spent in this place.
 D = Time resting spent in this place.
 E = Time spent auto-exploring this place.
 F = Levels seen in this place.
 G = Mean time per level.
                   A        B        C        D        E       F      G
               +--------+--------+--------+--------+--------+-----+--------+
         Total |    267 |    267 |      0 |     57 |    136 |   1 |  267.0 |
       Dungeon |    267 |    267 |      0 |     57 |    136 |   1 |  267.0 |
               +--------+--------+--------+--------+--------+-----+--------+

Top non-repeatable levels by time:
     D:1: 267 daAuts
